 Dungeon Crawl Stone Soup version 0.31.0-9-g3a7656b989 (webtiles) character file.

Game seed: 1008470868976592577

175 mtoz the Trooper (level 5, -2/47 HPs)
             Began as a Minotaur Berserker on Jan 24, 2024.
             Was a Believer of Trog.
             Slain by Ijyb
             ... wielding a +0 dagger
              (6 damage)
             ... on level 3 of the Dungeon.
             The game lasted 00:05:21 (2036 turns).

mtoz the Trooper (Minotaur Berserker)               Turns: 2036, Time: 00:05:21

Health: -2/47      AC:  2    Str: 24    XL:     5   Next: 29%
Magic:  4/4        EV: 12    Int:  4    God:    Trog [**....]
Gold:   147        SH:  0    Dex:  9    Spells: 4/4 levels left

rFire   . . .        a - +0 hand axe
rCold   . . .        (no shield)
rNeg    . . .        b - +0 animal skin
rPois   .            (helmet restricted)
rElec   .            (no cloak)
rCorr   .            (no gloves)
SInv    .            (no boots)
Will    .....        (no amulet)
Stlth   +            (no ring)
HPRegen 0.27/turn    (no ring)
MPRegen 0.09/turn

%: no passive effects
@: on berserk cooldown, slowed, very slow
A: horns 2, retaliatory headbutt
a: Renounce Religion, Berserk, Trog's Hand


You were on level 3 of the Dungeon.
You worshipped Trog.
Trog was pleased with you.
You visited 1 branch of the dungeon, and saw 3 of its levels.

You collected 147 gold pieces.

Inventory:

Hand Weapons
 a - a +0 hand axe (weapon)
 j - a +1 dagger of venom
Missiles
 k - 8 boomerangs
Armour
 b - a +0 animal skin (worn)
 q - a +0 ring mail
Scrolls
 c - a scroll of poison {unknown}
 h - 2 scrolls of immolation
 i - 2 scrolls of enchant weapon {unknown}
 m - 3 scrolls of identify {unknown}
 n - 2 scrolls of vulnerability {unknown}
 p - a scroll of teleportation {unknown}
 r - a scroll of blinking {unknown}
 s - a scroll of fog {unknown}
Potions
 d - a potion of brilliance {unknown}
 e - a potion of curing {unknown}
 f - a potion of resistance {unknown}
 g - 3 potions of haste {unknown}
 l - a potion of enlightenment {unknown}


   Skills:
 + Level 4.4 Fighting
 + Level 4.4 Axes
 + Level 1.6 Throwing
 + Level 3.5 Armour
 + Level 3.1 Dodging
 + Level 1.5 Evocations


You had 4 spell levels left.
You didn't know any spells.
Your spell library was empty.

Dungeon Overview and Level Annotations

Branches:
Dungeon (3/15)

Altars:
Elyvilon
Nemelex Xobeh
Okawaru
Qazlal

Shops:
D:1 *

Annotations:
D:3 Ijyb, Natasha


Innate Abilities, Weirdness & Mutations

You have a pair of horns on your head.
You reflexively headbutt those who attack you in melee.


Message History

Ijyb screams, "No!
No, no, no, no!"
Ijyb hits you with a +0 dagger.
You closely miss Ijyb.
Ijyb zaps a wand.
You suddenly lose the ability to move!
Natasha mumbles some strange words.
Ijyb zaps a wand.
You resist with some effort. Ijyb hits you with a +0 dagger.
You can move again.
You closely miss Ijyb. Ijyb hits you but does no damage. Natasha claws you.
You barely miss Ijyb. Your headbutt misses Ijyb. You hit Natasha.
Ijyb zaps a wand.
You resist with some effort.
Natasha casts a spell.
Ijyb hits you but does no damage.
The cerulean imp hits you from afar with a +1 spear.
You hit Ijyb.
Ijyb is lightly wounded.
You barely miss Natasha. Natasha claws you but does no damage.
Ijyb hits you with a +0 dagger.
The cerulean imp hits you from afar with a +1 spear.
Natasha wildly gestures.
You feel troubled.
Natasha mumbles some strange words.
The cerulean imp hits you from afar with a +1 spear.
Ijyb hits you with a +0 dagger.
* * * LOW HITPOINT WARNING * * *
The cerulean imp hits you from afar with a +0 spear.
* * * LOW HITPOINT WARNING * * *
The cerulean imp attacks as it pursues you!
The cerulean imp hits you from afar with a +0 spear.
* * * LOW HITPOINT WARNING * * *
The cerulean imp hits you from afar with a +1 spear.
* * * LOW HITPOINT WARNING * * *
As you read the scroll labelled LEBLISIMIE, it crumbles to dust.
The creatures around you are filled with an inner flame!
It was a scroll of immolation.
Natasha casts a spell at you. You resist with some effort.
The cerulean imp hits you from afar with a +0 spear.
* * * LOW HITPOINT WARNING * * *
Ijyb hits you with a +0 dagger.
You die...

## ###..# ## ## .. ..#..# #.
.##### .###.#..# # #.
####...... ...#.#..#
#.#.##......... .#.#.#..#
#.........|....
...#.#..######.#.h5......
..##.#.........†@g5......
.....).......#.#..5......
#.#..)....##.#.#.......<.
.......##.#..#.#.........
#......##.#....#.........
#......+..#.####........$
####### ###....####. #.........
#......
###########+#############.#####
#.........# ...........#.


You could see Ijyb (inner flame), Natasha (inner flame) and 3 cerulean imps.

Vanquished Creatures
  An orc priest (D:3)
  Natasha (twice) (D:3)
  An orc wizard (D:3)
  An adder (D:2)
  2 ribbon worms
  7 orcs (D:3)
  3 bats
  3 endoplasms
  A goblin (D:2)
  2 hobgoblins
  6 jackals (D:2)
  4 quokkas
  6 ball pythons
  A frilled lizard (D:2)
  3 kobolds
  5 rats
48 creatures vanquished.

Notes
Turn   | Place    | Note
-------+----------+-------------------------------------------
     0 | D:1      | mtoz the Minotaur Berserker began the quest for the Orb.
     0 | D:1      | Reached XP level 1. HP: 19/19 MP: 0/0
   186 | D:1      | Found a faded altar of an unknown god.
   247 | D:1      | Found Kocudgho's General Store.
   493 | D:1      | Reached XP level 2. HP: 27/27 MP: 1/1
  1120 | D:2      | Found a white marble altar of Elyvilon.
  1144 | D:2      | Reached ** piety under Trog
  1150 | D:2      | Reached XP level 3. HP: 30/33 MP: 2/2
  1410 | D:3      | Reached skill level 1 in Throwing
  1410 | D:3      | Reached skill level 1 in Evocations
  1410 | D:3      | Reached XP level 4. HP: 38/40 MP: 3/3
  1487 | D:3      | Found a sparkling altar of Nemelex Xobeh.
  1508 | D:3      | Found a stormy altar of Qazlal.
  1799 | D:3      | Noticed Natasha
  1800 | D:3      | Found an iron altar of Okawaru.
  1811 | D:3      | Killed Natasha
  1996 | D:3      | Reached XP level 5. HP: 44/47 MP: 4/4
  2012 | D:3      | Noticed Natasha
  2019 | D:3      | Killed Natasha
  2024 | D:3      | Noticed Ijyb
  2028 | D:3      | Noticed Natasha
  2030 | D:3      | Paralysed by Ijyb for 2 turns
  2036 | D:3      | Slain by Ijyb

Illustrated notes

Levels and vault maps discovered:
D:1:      minmay_arrival_open_corners, layout_basic, serial_shops, shop,
          ebering_ecumenical_altar_petrified, minmay_gold_behind_fungi
D:2:      layout_rooms, basic_altar
D:3:      layout_basic, mainiacjoe_overflow_six_doors_small,
          nicolae_overflow_crystal_walls, nicolae_qazlal_general_emergency,
          okawaru_ov_weapons_minmay, uniq_ijyb, uniq_natasha

Skill      XL: |  1  2  3  4 |
---------------+-------------+-----
Fighting       | 4 |  4.4
Axes           | 4 |  4.4
Armour         | 3 |  3.5
Throwing       | 1 |  1.6
Evocations     | 1 |  1.5
Dodging        | 3 |  3.1

Action                     |  1- 3 |  4- 6 || total
---------------------------+-------+-------++-------
  Melee: Hand axe          |    62 |    34 ||    96
         Headbutt          |     3 |     3 ||     6
         Punch             |     2 |       ||     2
  Throw: Stone             |    22 |     4 ||    26
 Invoke: Berserk           |       |     2 ||     2
         Trog's Hand       |       |     2 ||     2
    Use: Scroll            |       |     1 ||     1
   Stab: Sleeping          |     1 |       ||     1
 Armour: Animal skin       |    33 |    36 ||    69
  Dodge: Dodged            |    56 |    18 ||    74
